 Dungeon Crawl Stone Soup version 0.28.0 (webtiles) character file.

Game seed: 2993618092223462155

32 browni3141 the Skirmisher (level 3, -5/33 HPs)
             Began as a Minotaur Fighter on Feb 14, 2022.
             Succumbed to Sigmund's poison
             ... on level 2 of the Dungeon.
             The game lasted 00:00:41 (986 turns).

browni3141 the Skirmisher (Minotaur Fighter)         Turns: 986, Time: 00:00:42

Health: -5/33      AC:  7    Str: 20    XL:     3   Next: 10%
Magic:  2/2        EV:  9    Int:  5    God:
Gold:   45         SH:  4    Dex: 11    Spells: 2/2 levels left

rFire   . . .      SeeInvis .   a - +0 war axe
rCold   . . .      Faith    .   c - +0 buckler
rNeg    . . .      Spirit   .   b - +0 scale mail
rPois   .          Reflect  .   (helmet restricted)
rElec   .          Harm     .   (no cloak)
rCorr   .          Rampage  .   (no gloves)
Will    .....                   (no boots)
Stlth   ..........              (no amulet)
HPRegen 0.11/turn               (no ring)
MPRegen 0.08/turn               (no ring)

@: mighty, lethally poisoned (-5 -> -29)
A: horns 2, retaliatory headbutt
a: no special abilities


You were on level 2 of the Dungeon.
You visited 1 branch of the dungeon, and saw 2 of its levels.

You collected 45 gold pieces.

Inventory:

Hand Weapons
 a - a +0 war axe (weapon)
Armour
 b - a +0 scale mail (worn)
 c - a +0 buckler (worn)
Jewellery
 g - a +4 ring of protection
Scrolls
 e - a scroll of blinking {unknown}
 h - a scroll of identify {unknown}
Potions
 d - 2 potions of might
 f - a potion of invisibility {unknown}


   Skills:
 + Level 4.1 Fighting
 + Level 3.0 Axes
 + Level 4.0 Armour
 + Level 4.0 Shields


You had 2 spell levels left.
You didn't know any spells.
Your spell library was empty.

Dungeon Overview and Level Annotations

Branches:
Dungeon (2/15)

Altars:

Annotations:
D:2 Sigmund


Innate Abilities, Weirdness & Mutations

You have a pair of horns on your head.
You reflexively headbutt those who attack you in melee.


Message History

A goblin is nearby!
Sigmund the Dreaded comes into view.
He is wielding a +4 scythe of venom.
A goblin comes into view. It is wielding a +0 dagger.
Sigmund casts a spell.
Sigmund flickers and vanishes!
Deactivating autopickup; reactivate with Ctrl-A.
The goblin hits you but does no damage.
You closely miss the goblin. The goblin hits you but does no damage.
You hit the goblin.
You kill the goblin!
The goblin hits you with a +0 dagger.
You see here a +0 club.
You slash the goblin!
You kill the goblin!
Something completely misses you.
Found a stone staircase leading up.
Something hits you but does no damage.
Things that are here:
a +0 dagger; a fuming brown potion; a goblin corpse No target in view!
You miss something. Something hits you.
You are poisoned.
You feel very mighty all of a sudden.
You feel very sick.
No target in view!
You slash something!
You feel very sick. Something hits you.
You are lethally poisoned!
You barely miss something.
You feel very sick.
You hear some strange, mumbled words.
Something tries to affect you, but you resist.
You barely miss something.
* * * LOW HITPOINT WARNING * * *
You feel very sick. Something hits you.
* * * LOW HITPOINT WARNING * * *
You are more poisoned.
You hit something but do no damage.
You die...

########## #........#
#........#
####........###
...............
.##.#########.........#
.......@)...#..†......#
..#..#.####...........#
# #. ##.########.# #.
#..# #. ##.# #. #.##
.... #< #..# .... ##
##.## ..... .. #..#
.....


There were no monsters in sight!

Vanquished Creatures
  A ball python (D:2)
  4 bats (D:1)
  2 endoplasms
  3 giant cockroaches
  5 goblins
  3 hobgoblins (D:1)
  2 jackals (D:1)
  2 quokkas (D:1)
  A frilled lizard (D:1)
  2 kobolds (D:1)
  3 rats (D:1)
28 creatures vanquished.

Vanquished Creatures (others)
  A demonic plant (D:1)
1 creature vanquished.

Grand Total: 29 creatures vanquished

Notes
Turn   | Place    | Note
-------+----------+-------------------------------------------
     0 | D:1      | browni3141 the Minotaur Fighter began the quest for the
                  | Orb.
     0 | D:1      | Reached XP level 1. HP: 19/19 MP: 0/0
   288 | D:1      | Reached XP level 2. HP: 27/27 MP: 1/1
   519 | D:1      | Found a faded altar of an unknown god.
   925 | D:2      | Reached XP level 3. HP: 31/33 MP: 2/2
   974 | D:2      | Noticed Sigmund
   986 | D:2      | Succumbed to Sigmund's poison

Illustrated notes

Levels and vault maps discovered:
D:1:      minmay_arrival_four_circles, layout_basic,
          shapermc_ecumenical_altar_gd, serial_bayou_ford_a
D:2:      layout_basic, basic_altar, minmay_hexomino_f4, uniq_sigmund,
          uniq_natasha

Skill      XL: |  1  2 |
---------------+-------+-----
Armour         | 4 |  4.0
Fighting       | 4 |  4.1
Shields        | 4 |  4.0
Axes           | 3 |  3.0

Action                   || total
-------------------------++-------
Melee: War axe           ||    55
       Headbutt          ||     5
  Use: Potion            ||     1
Armor: Scale mail        ||    36
Dodge: Dodged            ||    21
Block: Buckler           ||    16
